[ AOE2 MATCH · #495952190 ]
UnrankedRomans vs Vikings
Player's team · WIN
Rival team · LOSS
[ REPLAY ANALYSIS · EXTRACTED FROM THE RECORDED GAME ]
Feudal
9:16
Castle
22:10
Imperial
36:34
| APM avg | 70.9 |
| APM peak | 162 |
| eAPM avg | 32.6 |
| Villagers / military | 106 / 50 |
Focus
⚔️ 56.9% · 🌾 43.1%
Archer ×31 · Centurion ×7 · Mangonel ×5 · Militia ×4 · Scorpion ×2 · Trebuchet (Packed) ×1
Feudal
10:34
Castle
21:15
Imperial
36:25
| APM avg | 86.2 |
| APM peak | 135 |
| eAPM avg | 34.3 |
| Villagers / military | 123 / 47 |
Focus
⚔️ 45.3% · 🌾 54.7%
Archer ×27 · Militia ×13 · Mangonel ×4 · Scorpion ×2 · Trebuchet (Packed) ×1
Match map
Initial resources + every placement click. Lines = walls · curves = elevation contours. ◆ gold · ⬟ stone · ● berries · ✦ relic · ◌ wall gap
Your base· Open — opponent sealed themselves in
matt_993's base· ✓ Closed at 21:15 · 52t walls · no gate
Smoothed initial terrain · ◌ = detected wall gap · hover for details
Inputs per minute
— Brauer - - matt_993
Build order — Brauer
First 150 of 300 actions detected
| 0:01 | Queue | Villager (Male) |
| 0:01 | Queue | Villager (Male) |
| 0:02 | Build | House |
| 0:03 | Build | House |
| 0:09 | Queue | Villager (Male) |
| 0:17 | Queue | Villager (Male) |
| 1:24 | Queue | Villager (Male) |
| 1:55 | Queue | Villager (Male) |
| 1:57 | Build | Lumber Camp |
| 2:09 | Queue | Villager (Male) |
| 2:41 | Queue | Villager (Male) |
| 2:58 | Queue | Villager (Male) |
| 3:36 | Queue | Villager (Male) |
| 3:55 | Queue | Villager (Male) |
| 4:02 | Build | House |
| 4:28 | Queue | Villager (Male) |
| 4:32 | Queue | Villager (Male) |
| 5:08 | Queue | Villager (Male) |
| 5:16 | Queue | Villager (Male) |
| 5:39 | Build | Mill |
| 6:05 | Queue | Villager (Male) |
| 6:14 | Research | Loom |
| 6:29 | Build | House |
| 6:55 | Research | Feudal Age |
| 7:03 | Build | Barracks |
| 7:54 | Queue | Militia |
| 7:54 | Queue | Militia |
| 8:43 | Queue | Villager (Male) |
| 9:01 | Build | House |
| 9:16 | Queue | Villager (Male) |
| 9:16 | Age | Feudal Age |
| 9:21 | Research | Double-Bit Axe |
| 9:41 | Build | Mining Camp |
| 9:46 | Build | Archery Range |
| 9:54 | Queue | Villager (Male) |
| 9:59 | Queue | Militia |
| 10:22 | Queue | Militia |
| 10:31 | Build | Palisade Wall |
| 10:35 | Queue | Villager (Male) |
| 10:36 | Queue | Villager (Male) |
| 10:47 | Research | Man-at-Arms (upgrade) |
| 10:54 | Build | Farm |
| 11:03 | Build | Palisade Wall |
| 11:12 | Queue | Villager (Male) |
| 11:14 | Build | Farm |
| 11:17 | Build | Farm |
| 11:18 | Build | Farm |
| 11:26 | Queue | Villager (Male) |
| 11:42 | Build | Palisade Wall |
| 11:53 | Queue | Villager (Male) |
| 12:00 | Queue | Archer |
| 12:17 | Build | Palisade Wall |
| 12:19 | Build | Palisade Wall |
| 12:33 | Queue | Archer |
| 12:51 | Build | House |
| 12:54 | Queue | Archer |
| 13:01 | Queue | Villager (Male) |
| 13:06 | Queue | Villager (Male) |
| 13:09 | Build | Farm |
| 13:10 | Build | Farm |
| 13:11 | Build | Farm |
| 13:11 | Build | Farm |
| 13:16 | Queue | Villager (Male) |
| 13:38 | Queue | Archer |
| 13:45 | Build | Farm |
| 13:49 | Build | Farm |
| 13:56 | Build | Farm |
| 14:04 | Build | Palisade Wall |
| 14:17 | Queue | Villager (Male) |
| 14:22 | Build | Palisade Wall |
| 14:24 | Queue | Villager (Male) |
| 14:25 | Build | House |
| 14:30 | Research | Town Watch |
| 14:33 | Queue | Archer |
| 14:41 | Build | Palisade Wall |
| 14:48 | Queue | Villager (Male) |
| 14:51 | Build | Palisade Wall |
| 15:15 | Queue | Villager (Male) |
| 15:16 | Queue | Archer |
| 15:27 | Queue | Villager (Male) |
| 15:33 | Build | House |
| 15:41 | Build | House |
| 15:43 | Queue | Villager (Male) |
| 15:50 | Build | Farm |
| 15:56 | Build | House |
| 15:57 | Build | House |
| 15:58 | Build | House |
| 16:29 | Queue | Villager (Male) |
| 16:35 | Build | Blacksmith |
| 16:47 | Queue | Archer |
| 16:56 | Queue | Villager (Male) |
| 17:00 | Build | Palisade Gate |
| 17:05 | Queue | Archer |
| 17:06 | Queue | Villager (Male) |
| 17:16 | Queue | Villager (Male) |
| 17:18 | Build | House |
| 17:24 | Queue | Villager (Male) |
| 17:27 | Build | House |
| 17:37 | Queue | Archer |
| 17:40 | Queue | Villager (Male) |
| 17:49 | Queue | Villager (Male) |
| 17:59 | Queue | Archer |
| 18:09 | Queue | Villager (Male) |
| 18:18 | Queue | Villager (Male) |
| 18:21 | Build | House |
| 18:29 | Queue | Villager (Male) |
| 18:32 | Build | Palisade Wall |
| 18:33 | Queue | Archer |
| 18:41 | Build | Palisade Wall |
| 18:43 | Build | House |
| 18:45 | Build | House |
| 18:46 | Build | Palisade Wall |
| 18:46 | Build | Palisade Wall |
| 18:48 | Build | Palisade Wall |
| 18:56 | Queue | Villager (Male) |
| 18:59 | Build | Palisade Wall |
| 19:01 | Build | Palisade Wall |
| 19:04 | Build | Palisade Wall |
| 19:20 | Research | Castle Age |
| 19:34 | Build | Farm |
| 20:04 | Build | Lumber Camp |
| 20:40 | Build | Palisade Wall |
| 21:01 | Research | Fletching |
| 21:04 | Queue | Archer |
| 21:07 | Build | Lumber Camp |
| 21:16 | Build | Farm |
| 21:16 | Build | Farm |
| 21:27 | Queue | Villager (Male) |
| 21:28 | Build | Farm |
| 21:44 | Queue | Archer |
| 21:46 | Build | Farm |
| 21:47 | Build | Farm |
| 21:47 | Build | Farm |
| 21:48 | Research | Gold Mining |
| 22:06 | Queue | Archer |
| 22:10 | Age | Castle Age |
| 22:10 | Build | Farm |
| 22:10 | Build | Farm |
| 22:12 | Research | Horse Collar |
| 22:14 | Research | Padded Archer Armor |
| 22:14 | Research | Bodkin Arrow |
| 22:17 | Research | Crossbowman (upgrade) |
| 22:30 | Build | House |
| 22:36 | Build | Palisade Wall |
| 22:44 | Queue | Villager (Male) |
| 22:44 | Queue | Villager (Male) |
| 22:45 | Build | Farm |
| 23:08 | Queue | Archer |
| 23:20 | Queue | Archer |
| 23:22 | Build | House |
Build order — matt_993
First 150 of 287 actions detected
| 0:00 | Queue | Villager (Male) |
| 0:01 | Queue | Villager (Male) |
| 0:02 | Build | House |
| 0:02 | Build | House |
| 0:06 | Queue | Villager (Male) |
| 0:07 | Queue | Villager (Male) |
| 1:22 | Queue | Villager (Male) |
| 1:45 | Build | Lumber Camp |
| 1:57 | Queue | Villager (Male) |
| 2:30 | Queue | Villager (Male) |
| 2:55 | Queue | Villager (Male) |
| 3:21 | Build | House |
| 3:24 | Queue | Villager (Male) |
| 3:25 | Queue | Villager (Male) |
| 3:25 | Queue | Villager (Male) |
| 3:49 | Queue | Villager (Male) |
| 4:27 | Build | Barracks |
| 4:29 | Build | Palisade Wall |
| 4:35 | Queue | Villager (Male) |
| 5:06 | Build | House |
| 5:13 | Queue | Villager (Male) |
| 5:14 | Queue | Villager (Male) |
| 5:19 | Queue | Villager (Male) |
| 5:32 | Queue | Villager (Male) |
| 5:35 | Queue | Militia |
| 5:53 | Queue | Villager (Male) |
| 5:53 | Queue | Villager (Male) |
| 6:04 | Queue | Militia |
| 6:13 | Build | Mill |
| 6:32 | Queue | Villager (Male) |
| 6:32 | Queue | Villager (Male) |
| 6:50 | Queue | Villager (Male) |
| 6:50 | Queue | Villager (Male) |
| 6:51 | Queue | Villager (Male) |
| 7:06 | Queue | Villager (Male) |
| 7:31 | Research | Loom |
| 8:24 | Research | Feudal Age |
| 8:40 | Build | Mining Camp |
| 8:54 | Queue | Villager (Male) |
| 9:17 | Queue | Militia |
| 9:17 | Queue | Militia |
| 9:23 | Build | House |
| 9:47 | Build | Farm |
| 9:47 | Build | Farm |
| 9:47 | Build | Farm |
| 9:47 | Build | Farm |
| 9:47 | Build | Farm |
| 9:48 | Build | Farm |
| 9:58 | Queue | Militia |
| 10:06 | Build | Palisade Wall |
| 10:18 | Queue | Militia |
| 10:28 | Build | Farm |
| 10:34 | Age | Feudal Age |
| 10:40 | Research | Man-at-Arms (upgrade) |
| 10:40 | Research | Man-at-Arms (upgrade) |
| 10:44 | Build | Palisade Wall |
| 10:49 | Queue | Villager (Male) |
| 10:49 | Queue | Villager (Male) |
| 10:51 | Build | House |
| 10:56 | Build | Farm |
| 10:56 | Queue | Villager (Male) |
| 11:13 | Queue | Villager (Male) |
| 11:14 | Queue | Villager (Male) |
| 11:16 | Build | House |
| 11:20 | Build | Palisade Wall |
| 11:29 | Queue | Villager (Male) |
| 12:00 | Queue | Villager (Male) |
| 12:04 | Queue | Villager (Male) |
| 12:08 | Build | Farm |
| 12:10 | Build | Farm |
| 12:30 | Build | Palisade Wall |
| 12:31 | Build | Palisade Wall |
| 12:40 | Queue | Militia |
| 12:40 | Queue | Militia |
| 12:43 | Build | House |
| 12:45 | Queue | Villager (Male) |
| 12:54 | Queue | Militia |
| 12:59 | Build | Farm |
| 13:01 | Build | Farm |
| 13:06 | Queue | Militia |
| 13:25 | Queue | Militia |
| 13:40 | Build | House |
| 13:47 | Queue | Villager (Male) |
| 13:51 | Build | Farm |
| 13:52 | Build | Farm |
| 13:53 | Build | Farm |
| 14:10 | Build | Palisade Wall |
| 14:19 | Queue | Militia |
| 14:24 | Queue | Villager (Male) |
| 14:24 | Queue | Villager (Male) |
| 14:25 | Queue | Villager (Male) |
| 14:34 | Build | Farm |
| 14:35 | Build | Farm |
| 14:42 | Queue | Militia |
| 14:53 | Build | Farm |
| 15:11 | Build | Palisade Wall |
| 15:33 | Build | House |
| 15:38 | Queue | Villager (Male) |
| 15:56 | Build | Blacksmith |
| 16:07 | Queue | Villager (Male) |
| 16:08 | Queue | Villager (Male) |
| 16:19 | Build | Palisade Wall |
| 16:31 | Queue | Villager (Male) |
| 16:38 | Build | Farm |
| 16:55 | Build | Watch Tower |
| 16:59 | Queue | Villager (Male) |
| 17:02 | Build | House |
| 17:03 | Build | House |
| 17:04 | Build | House |
| 17:34 | Queue | Villager (Male) |
| 17:47 | Build | Market |
| 17:51 | Queue | Villager (Male) |
| 17:59 | Build | Palisade Wall |
| 18:22 | Build | House |
| 18:35 | Research | Castle Age |
| 18:39 | Build | House |
| 18:58 | Research | Scale Mail Armor |
| 19:07 | Build | Lumber Camp |
| 19:37 | Build | House |
| 19:47 | Queue | Villager (Male) |
| 20:04 | Build | Farm |
| 20:07 | Research | Horse Collar |
| 20:07 | Research | Double-Bit Axe |
| 20:17 | Build | House |
| 20:24 | Build | House |
| 20:31 | Build | Farm |
| 20:38 | Build | House |
| 21:15 | Age | Castle Age |
| 21:17 | Build | Siege Workshop |
| 21:25 | Queue | Villager (Male) |
| 21:30 | Research | Bow Saw |
| 21:31 | Queue | Villager (Male) |
| 21:57 | Queue | Scorpion |
| 21:58 | Queue | Villager (Male) |
| 22:11 | Build | Lumber Camp |
| 22:31 | Queue | Scorpion |
| 22:44 | Build | House |
| 22:46 | Build | House |
| 22:49 | Build | House |
| 22:52 | Queue | Villager (Male) |
| 22:53 | Queue | Villager (Male) |
| 23:06 | Queue | Villager (Male) |
| 23:06 | Queue | Villager (Male) |
| 23:15 | Queue | Villager (Male) |
| 23:16 | Queue | Villager (Male) |
| 23:16 | Queue | Villager (Male) |
| 23:40 | Queue | Villager (Male) |
| 23:40 | Queue | Villager (Male) |
| 23:51 | Build | House |
| 23:53 | Queue | Villager (Male) |
Match timeline
| 4:27 | matt_993 · first_building Barracks |
| 4:29 | matt_993 · wall_segment Palisade Wall x1 |
| 7:03 | Brauer · first_building Barracks |
| 9:16 | Brauer · age_up feudal |
| 9:46 | Brauer · first_building Archery Range |
| 10:06 | matt_993 · wall_segment Palisade Wall x3 |
| 10:31 | Brauer · wall_segment Palisade Wall x1 |
| 10:34 | matt_993 · age_up feudal |
| 10:44 | matt_993 · wall_segment Palisade Wall x6 |
| 11:03 | Brauer · wall_segment Palisade Wall x1 |
| 11:20 | matt_993 · wall_segment Palisade Wall x9 |
| 11:42 | Brauer · wall_segment Palisade Wall x1 |
| 12:17 | Brauer · wall_segment Palisade Wall x1 |
| 12:19 | Brauer · wall_segment Palisade Wall x1 |
| 12:30 | matt_993 · wall_segment Palisade Wall x1 |
| 12:31 | matt_993 · wall_segment Palisade Wall x1 |
| 14:04 | Brauer · wall_segment Palisade Wall x9 |
| 14:10 | matt_993 · wall_segment Palisade Wall x7 |
| 14:22 | Brauer · wall_segment Palisade Wall x15 |
| 14:41 | Brauer · wall_segment Palisade Wall x15 |
| 14:51 | Brauer · wall_segment Palisade Wall x10 |
| 15:11 | matt_993 · wall_segment Palisade Wall x8 |
| 16:19 | matt_993 · wall_segment Palisade Wall x10 |
| 17:59 | matt_993 · wall_segment Palisade Wall x6 |
| 18:32 | Brauer · wall_segment Palisade Wall x1 |
| 18:41 | Brauer · wall_segment Palisade Wall x1 |
| 18:46 | Brauer · wall_segment Palisade Wall x1 |
| 18:46 | Brauer · wall_segment Palisade Wall x1 |
| 18:48 | Brauer · wall_segment Palisade Wall x1 |
| 18:59 | Brauer · wall_segment Palisade Wall x1 |
| 19:01 | Brauer · wall_segment Palisade Wall x1 |
| 19:04 | Brauer · wall_segment Palisade Wall x1 |
| 20:40 | Brauer · wall_segment Palisade Wall x9 |
| 21:15 | matt_993 · age_up castle |
| 21:17 | matt_993 · first_building Siege Workshop |
| 22:10 | Brauer · age_up castle |
| 22:36 | Brauer · wall_segment Palisade Wall x1 |
| 23:24 | Brauer · wall_segment Palisade Wall x1 |
| 23:26 | Brauer · wall_segment Palisade Wall x1 |
| 23:56 | Brauer · first_building Siege Workshop |
| 24:24 | Brauer · wall_segment Palisade Wall x1 |
| 25:11 | matt_993 · first_building Archery Range |
| 25:59 | Brauer · wall_segment Palisade Wall x1 |
| 26:10 | Brauer · wall_segment Palisade Wall x1 |
| 28:38 | matt_993 · first_market_sell 100 wood |
| 31:45 | Brauer · first_building Monastery |
| 32:17 | Brauer · first_building Castle |
| 33:05 | matt_993 · first_building Castle |
| 33:20 | Brauer · first_market_sell 100 food |
| 34:59 | matt_993 · first_market_buy 100 wood |
| 35:10 | Brauer · first_building Stable |
| 36:25 | matt_993 · age_up imperial |
| 36:34 | Brauer · age_up imperial |
| 36:42 | matt_993 · resign |
[ AI ANALYSIS · 1 CREDIT ]
What really happened in this match?
Wolo.gg analyzes every decision: build order, eco, micro, common mistakes by bracket. Personalized analysis on WhatsApp or Discord in 30 seconds.
Civ guide
Romans
Perfil
Jugador #1840848